 Dungeon Crawl Stone Soup version 0.28.0-49-g6dfe1f597d (webtiles) character file.

Game seed: 13750375542869310921

25 Exodus22XD the Sneak (level 3, 19/19 HPs)
             Began as a Kobold Enchanter on May 15, 2022.
             Was a Follower of Okawaru.
             Quit the game on level 2 of the Dungeon.
             The game lasted 00:00:53 (941 turns).

Exodus22XD the Sneak (Kobold Enchanter)              Turns: 941, Time: 00:00:53

Health: 19/19      AC:  7    Str:  5    XL:     3   Next: 20%
Magic:  6/6        EV: 15    Int: 16    God:    Okawaru [*.....]
Gold:   71         SH:  0    Dex: 17    Spells: 4/6 levels left

rFire   . . .      SeeInvis .   a - +1 dagger
rCold   . . .      Faith    .   (no shield)
rNeg    . . .      Spirit   .   b - +0 robe
rPois   .          Reflect  .   (no helmet)
rElec   .          Harm     .   h - +0 cloak
rCorr   .          Rampage  .   (no gloves)
Will    .....                   (no boots)
Stlth   ++++......              (no amulet)
HPRegen 0.06/turn               d - +4 ring of protection
MPRegen 0.10/turn               (no ring)

@: no status effects
A: small, no large weapons, nightstalker 3
a: Renounce Religion, Heroism


You were on level 2 of the Dungeon.
You worshipped Okawaru.
Okawaru was aware of your devotion.
You visited 1 branch of the dungeon, and saw 2 of its levels.

You collected 71 gold pieces.

Inventory:

Hand Weapons
 a - a +1 dagger (weapon)
Armour
 b - a +0 robe (worn)
 h - a +0 cloak (worn)
Jewellery
 d - a +4 ring of protection (left hand)
Scrolls
 g - a scroll of summoning {unknown}
 i - 2 scrolls of amnesia {unknown}
 j - a scroll of identify {unknown}
Potions
 c - a potion of invisibility
 e - a potion of flight {unknown}
 f - a potion of heal wounds {unknown}
 k - a potion of mutation {unknown}


   Skills:
 - Level 1.3 Short Blades
 - Level 2.4 Dodging
 + Level 5.8 Stealth
 - Level 2.1 Spellcasting
 - Level 3.0 Hexes


You had 4 spell levels left.
You knew the following spells:

 Your Spells              Type           Power      Damage    Failure   Level
a - Ensorcelled Hibernat  Hex/Ice        12%        N/A       17%         2

Your spell library contained the following spells:

 Spells                   Type           Power      Damage    Failure   Level
 Confusing Touch          Hex            11%        N/A       19%         3
 Dazzling Flash           Conj/Hex       12%        N/A       32%         3
 Conjure Ball Lightning   Conj/Air       0%         3x3d6     100%        6
 Tukima's Dance           Hex            Unusable   N/A       N/A         3
 Animate Dead             Necr           Unusable   N/A       N/A         4
 Death Channel            Necr           Unusable   N/A       N/A         6

Dungeon Overview and Level Annotations

Branches:
Dungeon (2/15)

Altars:
Okawaru


Innate Abilities, Weirdness & Mutations

You are small and have problems with some larger weapons.
You are completely attuned to the shadows.


Message History

You now have 71 gold pieces (gained 5).
Key pressed, stopping explore.
No target in view!
No target in view!
You pick up Sif Muna's Catalogue of Dark Conjuration and begin reading...
You add the spells Animate Dead, Conjure Ball Lightning and Death Channel to your library.
No target in view!
Okay, then.
A bat comes into view.
Found a sedimented black potion.
A bat is nearby!
A bat is nearby!
The helpless bat fails to defend itself.
You puncture the bat!
You kill the bat!
k - a sedimented black potion No target in view!
Found a faded altar of an unknown god.
No target in view!
An adder comes into view.
There is a dry fountain here.
An adder is nearby!
Found a stone staircase leading down.
The helpless adder fails to defend itself.
You impale the adder!!
You kill the adder!
You have reached level 3!
Your experience leads to an increase in your attributes!
Increase (S)trength, (I)ntelligence, or (D)exterity?
You feel agile. x2
There is a faded altar of an unknown god here.
You cannot tell which god this altar belongs to.
Convert to them anyway?
Okawaru accepts your prayer! Okawaru welcomes you!
You can now gain great but temporary skills.
Unknown command.
Press < or > to pray at altars.
Unknown command.
Press < or > to pray at altars.
Are you sure you want to abandon this character and quit the game? (Confirm with "yes".)

######## #######
#......# #.........#
#......# #.........#
#......# #.........#
#......#
#.........####...⌠..#
#...................#
..........####..@...#
#.........# #......#
#.........# #.....†#
........... #......#
........... ..>.....
......... .......#


There were no monsters in sight!

Vanquished Creatures
  An adder (D:2)
  2 bats
  2 giant cockroaches (D:1)
  A hobgoblin (D:1)
  A quokka (D:1)
  3 ball pythons (D:1)
  4 frilled lizards
  2 kobolds (D:1)
  2 rats (D:1)
18 creatures vanquished.

Notes
Turn   | Place    | Note
-------+----------+-------------------------------------------
     0 | D:1      | Exodus22XD the Kobold Enchanter began the quest for the
                  | Orb.
     0 | D:1      | Reached XP level 1. HP: 10/10 MP: 3/3
   197 | D:1      | Reached XP level 2. HP: 4/15 MP: 5/5
   201 | D:1      | Learned a level 2 spell: Ensorcelled Hibernation
   506 | D:1      | Reached skill level 5 in Stealth
   903 | D:2      | Got Sif Muna's Catalogue of Dark Conjuration
   926 | D:2      | Found a faded altar of an unknown god.
   938 | D:2      | Reached XP level 3. HP: 19/19 MP: 6/6
   940 | D:2      | Prayed at the altar of an unknown god.
   940 | D:2      | Became a worshipper of Warmaster Okawaru
   940 | D:2      | Reached * piety under Okawaru
   941 | D:2      | Quit the game

Illustrated notes

Levels and vault maps discovered:
D:1:      minmay_arrival_pointy, layout_rooms, minivault_14, st_stairs_9
D:2:      layout_rooms, ebering_ecumenical_altar_abandoned

Skill      XL: |  1  2 |
---------------+-------+-----
Stealth        | 5 |  5.8
Short Blades   | |  1.3
Dodging        | |  2.4
Spellcasting   | |  2.1
Hexes          | |  3.0

Action                   || total
-------------------------++-------
Melee: Dagger            ||    59
 Stab: Sleeping          ||    10
Armor: Robe              ||    16
Dodge: Dodged            ||    43
